 Dungeon Crawl Stone Soup version 0.17-a0-776-gd86b262 (webtiles) character file.

6302 FedoraBrony69 the Thaumaturge (level 10, -4/50 HPs)
             Began as a Deep Elf Conjurer on Apr 25, 2015.
             Was the Champion of Sif Muna.
             Slain by a red ugly thing (17 damage)
             ... on level 7 of the Dungeon.
             The game lasted 00:39:05 (9807 turns).

FedoraBrony69 the Thaumaturge (Deep Elf Conjurer)   Turns: 9807, Time: 00:39:05

Health: -4/50      AC:  9    Str:  7    XL:     10   Next: 63%
Magic:  17/29      EV: 12    Int: 30    God:    Sif Muna [******]
Gold:   357        SH:  0    Dex: 13    Spells: 5 memorised, 15 levels left

rFire  . . .     SeeInvis .     v - staff of cold
rCold  + . .     Clarity  +     O - +2 robe {rN+}
rNeg   + . .     SustAb   .     (no shield)
rPois  .         Gourm    .     s - +0 hat
rElec  .         Spirit   .     L - +0 cloak
rCorr  .         Warding  .     (no gloves)
rMut   .         Stasis   +     (no boots)
MR     ++...                    N - amulet of stasis
Stlth  ++........               K - ring "Joipt" {AC+1 Str+2 Int+6}
                                d - +3 ring of protection

@: very resistant to hostile enchantments, unstealthy
A: clarity, clumsy 1, magic resistance 1
a: Channel Energy, Forget Spell, Renounce Religion


You were on level 7 of the Dungeon.
You worshipped Sif Muna.
Sif Muna was exalted by your worship.
You were not hungry.

You visited 2 branches of the dungeon, and saw 10 of its levels.
You also visited: Sewer.

You collected 357 gold pieces.

Inventory:

Hand weapons
 G - a +0 whip of electrocution
 U - a +3 dire flail of protection
Armour
 s - a +0 hat (worn)
 L - a +0 cloak (worn)
 O - a +2 robe of positive energy (worn)
Magical staves
 v - an uncursed staff of cold (weapon)
Jewellery
 d - a +3 ring of protection (left hand)
 h - an uncursed amulet of rage
 k - an uncursed amulet of guardian spirit
 x - an uncursed ring of see invisible
 K - the ring "Joipt" (right hand) {AC+1 Str+2 Int+6}
   (You took it off a crimson imp on level 8 of the Dungeon)

   [ring of protection]

   It affects your AC (+1).
   It affects your strength (+2).
   It affects your intelligence (+6).
 N - an amulet of stasis (around neck)
 T - an uncursed ring of sustain abilities
Magical devices
 C - a wand of enslavement (10)
 Q - a wand of magic darts (26)
Scrolls
 e - a scroll of identify
 g - 2 scrolls of recharging
 j - 2 scrolls of blinking
 l - 4 scrolls of immolation
 n - 5 scrolls of teleportation
 q - 2 scrolls of random uselessness
 t - a scroll of fog
 y - 3 scrolls of amnesia
 z - 4 scrolls of remove curse
 E - a scroll of torment {unknown}
 J - a scroll of enchant armour {unknown}
 P - a scroll of magic mapping {unknown}
 R - a scroll of noise {unknown}
 S - a scroll of acquirement {unknown}
Potions
 a - a potion of lignification {unknown}
 f - 3 potions of haste
 i - a potion of invisibility
 p - a potion of cure mutation
 r - a potion of restore abilities
 u - 6 potions of curing
 w - 5 potions of agility
 A - 5 potions of heal wounds
 B - a potion of mutation {unknown}
 F - a potion of flight {unknown}
 H - 2 potions of might
 I - 2 potions of brilliance {unknown}
 M - a potion of magic {unknown}
Books
 b - a book of Conjurations

   Spells                             Type                      Level
   a - Magic Dart                     Conjuration                  1
   b - Searing Ray                    Conjuration                  2
   c - Dazzling Spray                 Conjuration/Hexes            3
   d - Fulminant Prism                Conjuration/Hexes            4
   e - Iskenderun's Mystic Blast      Conjuration                  4
   f - Iskenderun's Battlesphere      Conjuration/Charms           5
 V - Joizak's Collected Works on Confrontation
   (Sif Muna gifted it to you on level 7 of the Dungeon)

   Spells                             Type                      Level
   a - Throw Flame                    Conjuration/Fire             2
   b - Static Discharge               Conjuration/Air              3
   c - Delayed Fireball               Conjuration/Fire             7
Comestibles
 c - 6 bread rations
 m - 4 meat rations
 o - 3 fruits


   Skills:
 - Level 2.4 Dodging
 - Level 2.4 Stealth
 - Level 13.0 Spellcasting
 + Level 11.9 Conjurations
 - Level 4.0 Hexes
 - Level 9.2 Charms
 * Level 0.9 Fire Magic


You had 15 spell levels left.
You knew the following spells:

 Your Spells              Type           Power        Failure   Level  Hunger
a - Magic Dart            Conj           ####         1%          1    None
b - Iskenderun's Battles  Conj/Chrm      ######..     1%          5    #......
c - Iskenderun's Mystic   Conj           ######..     1%          4    None
d - Dazzling Spray        Conj/Hex       ######..     1%          3    None
f - Delayed Fireball      Conj/Fire      N/A          98%         7    ######.


Dungeon Overview and Level Annotations

Branches:
Dungeon (9/15)             Temple (1/1) D:4            Lair (0/8) D:8
    Orc: D:9-12

Altars:
Ashenzari
Cheibriados
Dithmenos
Elyvilon
Fedhas
Gozag
Kikubaaqudgha
Makhleb
Nemelex Xobeh
Okawaru
Qazlal
Ru
Sif Muna
Trog
Vehumet
Xom
Yredelemnul
Zin
The Shining One


Innate Abilities, Weirdness & Mutations

You possess an exceptional clarity of mind.
You are clumsy. (Dex -2)
You are resistant to hostile enchantments.


Message History

* * * LOW HITPOINT WARNING * * *
Casting: Iskenderun's Mystic Blast
Confirm with . or Enter, or press ? or * to list all spells.
Aiming: Iskenderun's Mystic Blast
Press: ? - help, Shift-Dir - straight line, f/p - orc warrior
Aim: an orc warrior, wielding a glaive and wearing a plate armour (severely wounded)
The orb of energy hits the orc warrior.
You kill the orc warrior!
The red ugly thing closely misses you.
Casting: Iskenderun's Mystic Blast
Confirm with . or Enter, or press ? or * to list all spells.
Aiming: Iskenderun's Mystic Blast
Press: ? - help, Shift-Dir - straight line, f - red ugly thing
Aim: a red ugly thing (moderately wounded)
The orb of energy hits the red ugly thing.
The red ugly thing is severely wounded.
The orb of energy explodes!
The red ugly thing punches you.
* * * LOW HITPOINT WARNING * * *
You are engulfed in flames!
You die...

#....'....#....'W...#.#
#....#S...#.⌠.5#....#..
#....#o...#..⌠.# ...###
#8...#....#W.$.# .W#
#########'#'#### ######
#..l[#5...# #.....
#.[..#.F..# #.####
#u...#..oZ# #.#
#@)..#...># #.#
########### #.####
#..... ######


You could see a red ugly thing and an iguana.

Vanquished Creatures
  The ghost of FedoraBrony69 the Thaumaturge, an experienced DECj (D:7)
  Prince Ribbit (D:6)
  A blink frog (D:8)
  Eustachio (D:6)
  2 hippogriffs (D:7)
  Menkaure (D:4)
  Duvessa (D:7)
  2 orc warriors
  7 ogres
  2 sky beasts
  2 phantoms
  2 porcupines (D:8)
  A black bear (D:8)
  3 ice beasts (D:8)
  5 big kobolds
  A centaur (D:5)
  Dowan (D:7)
  5 giant frogs
  A water moccasin skeleton (D:7)
  9 killer bees
  2 scorpions
  10 wights
  3 jellies
  7 orc wizards
  3 crimson imps
  2 giant frog zombies
  A giant frog skeleton (D:4)
  5 hounds
  Crazy Yiuf (D:6)
  3 iguanas
  2 orc priests
  5 worker ants
  A hell rat (D:8)
  A worker ant zombie (D:5)
  13 river rats
  9 adders
  A shadow imp (D:5)
  An ooze (D:1)
  An adder zombie (D:5)
  3 worms
  6 giant geckos
  15 orcs
  7 giant cockroaches
  13 hobgoblins
  11 jackals
  36 kobolds
  4 ball pythons (Sewer)
  12 bats
  2 giant gecko zombies
  7 giant newts
  2 giant spores
  11 goblins
  8 quokkas
  A quokka skeleton (D:5)
  25 rats
  A ballistomycete (D:9)
284 creatures vanquished.

Notes
Turn   | Place    | Note
--------------------------------------------------------------
     0 | D:1      | FedoraBrony69, the Deep Elf Conjurer, began the quest for the Orb.
     0 | D:1      | Reached XP level 1. HP: 10/10 MP: 6/6
   140 | D:1      | Reached XP level 2. HP: 7/15 MP: 0/8
   474 | D:1      | You fall through a shaft!
   518 | D:2      | Reached skill level 5 in Conjurations
   748 | D:2      | Reached XP level 3. HP: 19/19 MP: 8/10
  1752 | D:3      | Reached XP level 4. HP: 24/24 MP: 2/12
  1880 | D:3      | Found a stormy altar of Qazlal.
  1884 | D:3      | Found a shadowy altar of Dithmenos.
  1887 | D:3      | Found a white marble altar of Elyvilon.
  2131 | D:3      | Found a bloodstained altar of Trog.
  2139 | D:3      | Found a burning altar of Makhleb.
  2144 | D:3      | Found a blossoming altar of Fedhas.
  2255 | D:4      | Found a deep blue altar of Sif Muna.
  2264 | D:4      | Became a worshipper of Sif Muna the Loreminder
  2302 | D:4      | Learned a level 4 spell: Iskenderun's Mystic Blast
  2350 | D:4      | Reached skill level 5 in Spellcasting
  2350 | D:4      | Reached skill level 6 in Conjurations
  2350 | D:4      | Reached XP level 5. HP: 28/28 MP: 1/14
  2633 | D:3      | Learned a level 5 spell: Iskenderun's Battlesphere
  2678 | D:4      | Reached skill level 1 in Charms
  2916 | D:4      | Noticed Menkaure
  2918 | D:4      | Killed Menkaure
  2918 | D:4      | Acquired Sif Muna's first power
  2918 | D:4      | Reached XP level 6. HP: 29/32 MP: 7/17
  3288 | D:4      | Found a staircase to the Ecumenical Temple.
  3297 | Temple   | Entered the Ecumenical Temple
  3622 | D:5      | Entered Level 5 of the Dungeon
  3764 | D:5      | Reached skill level 5 in Charms
  3765 | D:5      | Reached XP level 7. HP: 36/36 MP: 9/18
  4387 | D:5      | Reached skill level 7 in Conjurations
  4944 | D:6      | Found a glowing drain.
  4948 | Sewer    | Entered a sewer
  5083 | Sewer    | Acquired Sif Muna's second power
  5284 | Sewer    | Reached XP level 8. HP: 41/41 MP: 1/20
  5415 | Sewer    | Reached skill level 8 in Charms
  5845 | Sewer    | Learned a level 3 spell: Dazzling Spray
  5872 | D:6      | Reached skill level 1 in Hexes
  5947 | D:6      | Gained mutation: You are clumsy. (Dex -2) [mutagenic meat]
  5948 | D:6      | Gained mutation: You are resistant to hostile enchantments. [mutagenic meat]
  5950 | D:6      | Gained mutation: You possess an exceptional clarity of mind. [mutagenic meat]
  5951 | D:6      | Gained mutation: You heal slowly when monsters are visible. [mutagenic meat]
  5952 | D:6      | Lost mutation: You heal slowly when monsters are visible. [mutagenic meat]
  6237 | D:6      | Reached skill level 9 in Charms
  6549 | D:6      | Noticed Prince Ribbit
  6554 | D:6      | Found a basalt altar of Yredelemnul.
  6558 | D:6      | Killed Prince Ribbit
  6558 | D:6      | Reached XP level 9. HP: 45/45 MP: 6/24
  6605 | D:6      | Noticed Eustachio
  6721 | D:6      | Killed Eustachio
  6844 | D:6      | Noticed Crazy Yiuf
  6852 | D:6      | Killed Crazy Yiuf
  7136 | D:7      | Acquired Sif Muna's third power
  7138 | D:7      | Noticed FedoraBrony69's ghost (experienced DECj)
  7276 | D:7      | Killed FedoraBrony69's ghost
  7276 | D:7      | Reached skill level 10 in Spellcasting
  7276 | D:7      | Reached skill level 10 in Conjurations
  7388 | D:7      | Noticed Duvessa
  7394 | D:7      | Killed Duvessa
  7396 | D:7      | Noticed Dowan
  7398 | D:7      | Killed Dowan
  7442 | D:7      | Reached skill level 11 in Spellcasting
  7901 | D:8      | Found a glowing silver altar of Zin.
  7924 | D:8      | Reached XP level 10. HP: 50/50 MP: 2/27
  8064 | D:8      | Found a radiant altar of Vehumet.
  8112 | D:8      | Found an iron altar of Okawaru.
  8112 | D:8      | Found a sparkling altar of Nemelex Xobeh.
  8508 | D:8      | Reached skill level 12 in Spellcasting
  8905 | D:8      | Got a sparkling turquoise ring
  8908 | D:8      | Identified the ring "Joipt" {AC+1 Str+2 Int+6} (You took it off a crimson imp on level 8 of the Dungeon)
  8925 | D:8      | Found a staircase to the Lair.
  9141 | D:7      | Received a gift from Sif Muna
  9549 | D:7      | Identified Joizak's Collected Works on Confrontation (Sif Muna gifted it to you on level 7 of the Dungeon)
  9559 | D:7      | Learned a level 7 spell: Delayed Fireball
  9638 | D:7      | Noticed a red ugly thing
  9661 | D:8      | Reached skill level 13 in Spellcasting
  9807 | D:7      | Slain by a red ugly thing

Action                   |  1- 3 |  4- 6 |  7- 9 | 10-12 || total
-------------------------+-------+-------+-------+-------++-------
Melee: Whip              |     8 |       |       |       ||     8
       Short sword       |    10 |       |       |       ||    10
       Staff             |       |    36 |    38 |    20 ||    94
 Cast: Magic Dart        |    70 |    79 |   214 |    92 ||   455
       Iskenderun's Myst |       |    12 |    72 |    45 ||   129
       Iskenderun's Batt |       |       |    14 |     9 ||    23
  Use: Potion            |       |     5 |       |     2 ||     7
       Scroll            |       |       |       |    10 ||    10
  Eat: Chunk             |     2 |     8 |    21 |     6 ||    37
       Bread ration      |       |       |     1 |       ||     1
       Beef jerky        |       |       |       |     1 ||     1
